Workbook
Name Decision: [1]lista!$A$6:$A$7
Name PARTICIPACION: [1]lista!$A$15:$A$17
Name Procedencia: [1]lista!$A$2:$A$3
Name tipo: [1]lista!$A$11:$A$13
Name x: [2]lista!$A$11:$A$13

Sheet DIRECCIONES
B2: ANEXO N° 2 (Hoja 1 de 3) – LUGARES DE ENTREGA Y CANTIDADES
B4: DIRECCIONES DE LAS REGIONALES
B5: SEDE REGIONAL | C5: DIRECCIÓN Y CIUDAD
B6: Sede Dirección General | C6: Avenida Carrera 68 # 64C-75, Bogotá.
B7: Antioquia | C7: Calle 45 No 79-141, Medellín
B8: Arauca | C8: Carrera 21 No. 1 -24 Barrio Fundadores Arauca, Arauca
B9: Atlántico | C9: Carrera 46 No. 61- 15, Barranquilla
B10: Bogotá | C10: Carrera 50 No. 26-51 can, Bogotá
B11: Bolívar | C11: Calle 32 No. 8-50 Piso 16, Cartagena
B12: Boyacá | C12: Kilómetro 3 vía Paipa, Tunja
B13: Caldas | C13: Av. Santander Carrera 23 No. 39-60, Manizales.
B14: Caquetá | C14: Transversal 6 Avenida Circunvalar B. San Judas, Florencia.
B15: Casanare | C15: Diagonal 9 No 8-85 marginal de la Selva, Barrio Luis María Jiménez, Yopal.
B16: Cauca | C16: Carrera 26 Calle 6 Frente al Cementerio Central, Popayán.
... B39: Vichada | C39: Carrera 11 No. 14 - 70 Barrio Tamarindo, Puerto Carreño.

Sheet CANTIDADES
C2: ANEXO N° 2 (Hoja 2 de 3) – LUGARES DE ENTREGA Y CANTIDADES
C3: Los elementos deberán ser entregados en el almacén de la Sede de la Dirección General y Regionales del ICBF de acuerdo a la siguiente distribución de cantidades (unidades) por ítem: --> | H3: LISTADO DE CANTIDADES - Numero de unidades de cada elemento en cada Regional
B5: Categoría elementos | C5: Ítem | D5: Elemento | E5: Unidad o presentación | F5: Cantidad total nivel Nacional | H5: Sede Dirección General | I5: Antioquia | J5: Arauca | K5: Atlántico | L5: Bogotá | M5: Bolívar | N5: Boyacá | O5: Caldas | P5: Caquetá | Q5: Casanare | R5: Cauca | S5: Cesar | T5: Chocó | U5: Córdoba | V5: Cundinamarca | W5: Huila | X5: La Guajira | Y5: Magdalena | Z5: Meta | AA5: Nariño | AB5: Norte Santander | AC5: Putumayo | AD5: Quindío | AE5: Risaralda | AF5: San Andrés | AG5: Santander | AH5: Sucre | AI5: Tolima | AJ5: Valle | AK5: Amazonas | AL5: Guainía | AM5: Guaviare | AN5: Vaupés | AO5: Vichada
B6: Elementos dotación de vestuario de labor tipo industrial, elementos de protección personal y camillas de inmovilización | C6: 1 | D6: Tabla de inmovilización espinal, con arnés de sujeción e inmovilizador reusable lateral de cabeza | E6: Unidad | F6: 63 | H6: 2 | I6: 2 | J6: 2 | K6: 2 | L6: 2 | M6: 2 | N6: 2 | O6: 2 | P6: 2 | Q6: 2 | R6: 2 | S6: 2 | T6: 2 | U6: 2 | V6: 2 | W6: 2 | X6: 2 | Y6: 2 | Z6: 2 | AA6: 2 | AB6: 2 | AC6: 2 | AD6: 2 | AE6: 2 | AF6: 2 | AG6: 2 | AH6: 2 | AI6: 2 | AJ6: 2 | AK6: 1 | AL6: 1 | AM6: 1 | AN6: 1 | AO6: 1
C7: 2 | D7: Tapabocas desechables con elástico | E7: Caja x 50 unidades | F7: 1142 | H7: 0 | I7: 74 | J7: 22 | K7: 38 | L7: 74 | M7: 42 | N7: 58 | O7: 34 | P7: 26 | Q7: 22 | R7: 34 | S7: 30 | T7: 30 | U7: 42 | V7: 62 | W7: 30 | X7: 30 | Y7: 42 | Z7: 30 | AA7: 50 | AB7: 34 | AC7: 26 | AD7: 22 | AE7: 30 | AF7: 14 | AG7: 50 | AH7: 26 | AI7: 50 | AJ7: 66 | AK7: 14 | AL7: 10 | AM7: 10 | AN7: 10 | AO7: 10
C8: 3 | D8: Guantes desechables de nitrilo | E8: Caja x 100 unidades | F8: 571 | H8: 0 | I8: 37 | J8: 11 | K8: 19 | L8: 37 | M8: 21 | N8: 29 | O8: 17 | P8: 13 | Q8: 11 | R8: 17 | S8: 15 | T8: 15 | U8: 21 | V8: 31 | W8: 15 | X8: 15 | Y8: 21 | Z8: 15 | AA8: 25 | AB8: 17 | AC8: 13 | AD8: 11 | AE8: 15 | AF8: 7 | AG8: 25 | AH8: 13 | AI8: 25 | AJ8: 33 | AK8: 7 | AL8: 5 | AM8: 5 | AN8: 5 | AO8: 5
C9: 4 | D9: Guantes desechables de nitrilo | E9: Caja x 100 unidades | F9: 571 | H9: 0 | I9: 37 | J9: 11 | K9: 19 | L9: 37 | M9: 21 | N9: 29 | O9: 17 | P9: 13 | Q9: 11 | R9: 17 | S9: 15 | T9: 15 | U9: 21 | V9: 31 | W9: 15 | X9: 15 | Y9: 21 | Z9: 15 | AA9: 25 | AB9: 17 | AC9: 13 | AD9: 11 | AE9: 15 | AF9: 7 | AG9: 25 | AH9: 13 | AI9: 25 | AJ9: 33 | AK9: 7 | AL9: 5 | AM9: 5 | AN9: 5 | AO9: 5
C10: 5 | D10: Pantalón para hombre en jean | E10: Unidad | F10: 10 | H10: 10 | I10: 0 | J10: 0 | K10: 0 | L10: 0 | M10: 0 | N10: 0 | O10: 0 | P10: 0 | Q10: 0 | R10: 0 | S10: 0 | T10: 0 | U10: 0 | V10: 0 | W10: 0 | X10: 0 | Y10: 0 | Z10: 0 | AA10: 0 | AB10: 0 | AC10: 0 | AD10: 0 | AE10: 0 | AF10: 0 | AG10: 0 | AH10: 0 | AI10: 0 | AJ10: 0 | AK10: 0 | AL10: 0 | AM10: 0 | AN10: 0 | AO10: 0
C11: 6 | D11: Camiseta para hombre | E11: Unidad | F11: 10 | H11: 10 | I11: 0 | J11: 0 | K11: 0 | L11: 0 | M11: 0 | N11: 0 | O11: 0 | P11: 0 | Q11: 0 | R11: 0 | S11: 0 | T11: 0 | U11: 0 | V11: 0 | W11: 0 | X11: 0 | Y11: 0 | Z11: 0 | AA11: 0 | AB11: 0 | AC11: 0 | AD11: 0 | AE11: 0 | AF11: 0 | AG11: 0 | AH11: 0 | AI11: 0 | AJ11: 0 | AK11: 0 | AL11: 0 | AM11: 0 | AN11: 0 | AO11: 0
C12: 7 | D12: Botas de trabajo para hombre de amarrar | E12: Par | F12: 8 | H12: 8 | I12: 0 | J12: 0 | K12: 0 | L12: 0 | M12: 0 | N12: 0 | O12: 0 | P12: 0 | Q12: 0 | R12: 0 | S12: 0 | T12: 0 | U12: 0 | V12: 0 | W12: 0 | X12: 0 | Y12: 0 | Z12: 0 | AA12: 0 | AB12: 0 | AC12: 0 | AD12: 0 | AE12: 0 | AF12: 0 | AG12: 0 | AH12: 0 | AI12: 0 | AJ12: 0 | AK12: 0 | AL12: 0 | AM12: 0 | AN12: 0 | AO12: 0
C13: 8 | D13: Botas de trabajo para hombre de amarrar dieléctricas. | E13: Par | F13: 2 | H13: 2 | I13: 0 | J13: 0 | K13: 0 | L13: 0 | M13: 0 | N13: 0 | O13: 0 | P13: 0 | Q13: 0 | R13: 0 | S13: 0 | T13: 0 | U13: 0 | V13: 0 | W13: 0 | X13: 0 | Y13: 0 | Z13: 0 | AA13: 0 | AB13: 0 | AC13: 0 | AD13: 0 | AE13: 0 | AF13: 0 | AG13: 0 | AH13: 0 | AI13: 0 | AJ13: 0 | AK13: 0 | AL13: 0 | AM13: 0 | AN13: 0 | AO13: 0
C14: 9 | D14: Pad mouse ergonómico redondo con apoya muñecas en gel diseño institucional | E14: Unidad | F14: 1878 | H14: 0 | I14: 116 | J14: 38 | K14: 62 | L14: 116 | M14: 68 | N14: 92 | O14: 56 | P14: 44 | Q14: 38 | R14: 56 | S14: 50 | T14: 50 | U14: 68 | V14: 98 | W14: 50 | X14: 50 | Y14: 68 | Z14: 50 | AA14: 80 | AB14: 56 | AC14: 44 | AD14: 38 | AE14: 50 | AF14: 26 | AG14: 80 | AH14: 44 | AI14: 80 | AJ14: 104 | AK14: 26 | AL14: 20 | AM14: 20 | AN14: 20 | AO14: 20
C15: 10 | D15: Chaleco salvavidas | E15: Unidad | F15: 28 | H15: 0 | I15: 0 | J15: 0 | K15: 0 | L15: 0 | M15: 0 | N15: 0 | O15: 0 | P15: 0 | Q15: 0 | R15: 0 | S15: 0 | T15: 0 | U15: 0 | V15: 0 | W15: 0 | X15: 0 | Y15: 0 | Z15: 0 | AA15: 7 | AB15: 0 | AC15: 0 | AD15: 0 | AE15: 0 | AF15: 0 | AG15: 0 | AH15: 7 | AI15: 0 | AJ15: 0 | AK15: 7 | AL15: 0 | AM15: 0 | AN15: 7 | AO15: 0
B16: Elementos para consultorio - Medicina del Trabajo Sede de la Dirección General | C16: 11 | D16: Jabón quirúrgico y/o antibacterial | E16: Frasco 120 ml | F16: 10 | H16: 10 | I16: 0 | J16: 0 | K16: 0 | L16: 0 | M16: 0 | N16: 0 | O16: 0 | P16: 0 | Q16: 0 | R16: 0 | S16: 0 | T16: 0 | U16: 0 | V16: 0 | W16: 0 | X16: 0 | Y16: 0 | Z16: 0 | AA16: 0 | AB16: 0 | AC16: 0 | AD16: 0 | AE16: 0 | AF16: 0 | AG16: 0 | AH16: 0 | AI16: 0 | AJ16: 0 | AK16: 0 | AL16: 0 | AM16: 0 | AN16: 0 | AO16: 0
C17: 12 | D17: Toallas desechables para secar manos | E17: Caja x 150 Unidades | F17: 20 | H17: 20 | I17: 0 | J17: 0 | K17: 0 | L17: 0 | M17: 0 | N17: 0 | O17: 0 | P17: 0 | Q17: 0 | R17: 0 | S17: 0 | T17: 0 | U17: 0 | V17: 0 | W17: 0 | X17: 0 | Y17: 0 | Z17: 0 | AA17: 0 | AB17: 0 | AC17: 0 | AD17: 0 | AE17: 0 | AF17: 0 | AG17: 0 | AH17: 0 | AI17: 0 | AJ17: 0 | AK17: 0 | AL17: 0 | AM17: 0 | AN17: 0 | AO17: 0
C18: 13 | D18: Sabanas desechables | E18: Bolsa x 6 Unidades | F18: 50 | H18: 50 | I18: 0 | J18: 0 | K18: 0 | L18: 0 | M18: 0 | N18: 0 | O18: 0 | P18: 0 | Q18: 0 | R18: 0 | S18: 0 | T18: 0 | U18: 0 | V18: 0 | W18: 0 | X18: 0 | Y18: 0 | Z18: 0 | AA18: 0 | AB18: 0 | AC18: 0 | AD18: 0 | AE18: 0 | AF18: 0 | AG18: 0 | AH18: 0 | AI18: 0 | AJ18: 0 | AK18: 0 | AL18: 0 | AM18: 0 | AN18: 0 | AO18: 0
C19: 14 | D19: Bata desechable tipo paciente. Tela no tejida no estéril, Bolsa por 10 unidades | E19: Bolsa x 10 Unidades | F19: 50 | H19: 50 | I19: 0 | J19: 0 | K19: 0 | L19: 0 | M19: 0 | N19: 0 | O19: 0 | P19: 0 | Q19: 0 | R19: 0 | S19: 0 | T19: 0 | U19: 0 | V19: 0 | W19: 0 | X19: 0 | Y19: 0 | Z19: 0 | AA19: 0 | AB19: 0 | AC19: 0 | AD19: 0 | AE19: 0 | AF19: 0 | AG19: 0 | AH19: 0 | AI19: 0 | AJ19: 0 | AK19: 0 | AL19: 0 | AM19: 0 | AN19: 0 | AO19: 0
C20: 15 | D20: Baja lenguas adulto | E20: Bolsa x 10 Unidades | F20: 50 | H20: 50 | I20: 0 | J20: 0 | K20: 0 | L20: 0 | M20: 0 | N20: 0 | O20: 0 | P20: 0 | Q20: 0 | R20: 0 | S20: 0 | T20: 0 | U20: 0 | V20: 0 | W20: 0 | X20: 0 | Y20: 0 | Z20: 0 | AA20: 0 | AB20: 0 | AC20: 0 | AD20: 0 | AE20: 0 | AF20: 0 | AG20: 0 | AH20: 0 | AI20: 0 | AJ20: 0 | AK20: 0 | AL20: 0 | AM20: 0 | AN20: 0 | AO20: 0
C21: 16 | D21: Micropore | E21: Rollo de 2 pulgadas x 5 yardas | F21: 10 | H21: 10 | I21: 0 | J21: 0 | K21: 0 | L21: 0 | M21: 0 | N21: 0 | O21: 0 | P21: 0 | Q21: 0 | R21: 0 | S21: 0 | T21: 0 | U21: 0 | V21: 0 | W21: 0 | X21: 0 | Y21: 0 | Z21: 0 | AA21: 0 | AB21: 0 | AC21: 0 | AD21: 0 | AE21: 0 | AF21: 0 | AG21: 0 | AH21: 0 | AI21: 0 | AJ21: 0 | AK21: 0 | AL21: 0 | AM21: 0 | AN21: 0 | AO21: 0
C22: 17 | D22: Gasas estériles | E22: Caja x 50 unidades | F22: 50 | H22: 50 | I22: 0 | J22: 0 | K22: 0 | L22: 0 | M22: 0 | N22: 0 | O22: 0 | P22: 0 | Q22: 0 | R22: 0 | S22: 0 | T22: 0 | U22: 0 | V22: 0 | W22: 0 | X22: 0 | Y22: 0 | Z22: 0 | AA22: 0 | AB22: 0 | AC22: 0 | AD22: 0 | AE22: 0 | AF22: 0 | AG22: 0 | AH22: 0 | AI22: 0 | AJ22: 0 | AK22: 0 | AL22: 0 | AM22: 0 | AN22: 0 | AO22: 0
C23: 18 | D23: Aplicadores largos con algodón | E23: Bolsa x 100 Unidades | F23: 5 | H23: 5 | I23: 0 | J23: 0 | K23: 0 | L23: 0 | M23: 0 | N23: 0 | O23: 0 | P23: 0 | Q23: 0 | R23: 0 | S23: 0 | T23: 0 | U23: 0 | V23: 0 | W23: 0 | X23: 0 | Y23: 0 | Z23: 0 | AA23: 0 | AB23: 0 | AC23: 0 | AD23: 0 | AE23: 0 | AF23: 0 | AG23: 0 | AH23: 0 | AI23: 0 | AJ23: 0 | AK23: 0 | AL23: 0 | AM23: 0 | AN23: 0 | AO23: 0
C24: 19 | D24: Pilas recargables AA con cargador | E24: Par de pilas y cargador | F24: 1 | H24: 1 | I24: 0 | J24: 0 | K24: 0 | L24: 0 | M24: 0 | N24: 0 | O24: 0 | P24: 0 | Q24: 0 | R24: 0 | S24: 0 | T24: 0 | U24: 0 | V24: 0 | W24: 0 | X24: 0 | Y24: 0 | Z24: 0 | AA24: 0 | AB24: 0 | AC24: 0 | AD24: 0 | AE24: 0 | AF24: 0 | AG24: 0 | AH24: 0 | AI24: 0 | AJ24: 0 | AK24: 0 | AL24: 0 | AM24: 0 | AN24: 0 | AO24: 0
C25: 20 | D25: Venditas | E25: Caja x 10 Unidades | F25: 50 | H25: 50 | I25: 0 | J25: 0 | K25: 0 | L25: 0 | M25: 0 | N25: 0 | O25: 0 | P25: 0 | Q25: 0 | R25: 0 | S25: 0 | T25: 0 | U25: 0 | V25: 0 | W25: 0 | X25: 0 | Y25: 0 | Z25: 0 | AA25: 0 | AB25: 0 | AC25: 0 | AD25: 0 | AE25: 0 | AF25: 0 | AG25: 0 | AH25: 0 | AI25: 0 | AJ25: 0 | AK25: 0 | AL25: 0 | AM25: 0 | AN25: 0 | AO25: 0
C26: 21 | D26: Gasas con alcohol | E26: Caja x 100 Unidades | F26: 10 | H26: 10 | I26: 0 | J26: 0 | K26: 0 | L26: 0 | M26: 0 | N26: 0 | O26: 0 | P26: 0 | Q26: 0 | R26: 0 | S26: 0 | T26: 0 | U26: 0 | V26: 0 | W26: 0 | X26: 0 | Y26: 0 | Z26: 0 | AA26: 0 | AB26: 0 | AC26: 0 | AD26: 0 | AE26: 0 | AF26: 0 | AG26: 0 | AH26: 0 | AI26: 0 | AJ26: 0 | AK26: 0 | AL26: 0 | AM26: 0 | AN26: 0 | AO26: 0
C27: 22 | D27: Gel antibacterial | E27: Envase por 500 ml | F27: 4 | H27: 4 | I27: 0 | J27: 0 | K27: 0 | L27: 0 | M27: 0 | N27: 0 | O27: 0 | P27: 0 | Q27: 0 | R27: 0 | S27: 0 | T27: 0 | U27: 0 | V27: 0 | W27: 0 | X27: 0 | Y27: 0 | Z27: 0 | AA27: 0 | AB27: 0 | AC27: 0 | AD27: 0 | AE27: 0 | AF27: 0 | AG27: 0 | AH27: 0 | AI27: 0 | AJ27: 0 | AK27: 0 | AL27: 0 | AM27: 0 | AN27: 0 | AO27: 0
C28: 23 | D28: Jeringas desechables | E28: Unidad | F28: 30 | H28: 30 | I28: 0 | J28: 0 | K28: 0 | L28: 0 | M28: 0 | N28: 0 | O28: 0 | P28: 0 | Q28: 0 | R28: 0 | S28: 0 | T28: 0 | U28: 0 | V28: 0 | W28: 0 | X28: 0 | Y28: 0 | Z28: 0 | AA28: 0 | AB28: 0 | AC28: 0 | AD28: 0 | AE28: 0 | AF28: 0 | AG28: 0 | AH28: 0 | AI28: 0 | AJ28: 0 | AK28: 0 | AL28: 0 | AM28: 0 | AN28: 0 | AO28: 0
... C33: 28 | D33: cabestrillo con inmovilizador de hombro | E33: Unidad | F33: 2 | H33: 2 | I33: 0 | J33: 0 | K33: 0 | L33: 0 | M33: 0 | N33: 0 | O33: 0 | P33: 0 | Q33: 0 | R33: 0 | S33: 0 | T33: 0 | U33: 0 | V33: 0 | W33: 0 | X33: 0 | Y33: 0 | Z33: 0 | AA33: 0 | AB33: 0 | AC33: 0 | AD33: 0 | AE33: 0 | AF33: 0 | AG33: 0 | AH33: 0 | AI33: 0 | AJ33: 0 | AK33: 0 | AL33: 0 | AM33: 0 | AN33: 0 | AO33: 0
B34: Dotación Brigadas de emergencia | C34: 29 | D34: Megáfono | E34: Unidad | F34: 237 | H34: 1 | I34: 17 | J34: 4 | K34: 8 | L34: 17 | M34: 9 | N34: 13 | O34: 7 | P34: 5 | Q34: 4 | R34: 8 | S34: 6 | T34: 6 | U34: 9 | V34: 14 | W34: 6 | X34: 6 | Y34: 9 | Z34: 6 | AA34: 11 | AB34: 7 | AC34: 5 | AD34: 4 | AE34: 6 | AF34: 2 | AG34: 11 | AH34: 5 | AI34: 11 | AJ34: 15 | AK34: 1 | AL34: 1 | AM34: 1 | AN34: 1 | AO34: 1
C35: 30 | D35: Paletas "Pare Siga" | E35: Unidad | F35: 237 | H35: 1 | I35: 17 | J35: 4 | K35: 8 | L35: 17 | M35: 9 | N35: 13 | O35: 7 | P35: 5 | Q35: 4 | R35: 8 | S35: 6 | T35: 6 | U35: 9 | V35: 14 | W35: 6 | X35: 6 | Y35: 9 | Z35: 6 | AA35: 11 | AB35: 7 | AC35: 5 | AD35: 4 | AE35: 6 | AF35: 2 | AG35: 11 | AH35: 5 | AI35: 11 | AJ35: 15 | AK35: 1 | AL35: 1 | AM35: 1 | AN35: 1 | AO35: 1
C36: 31 | D36: Kit de Radio Walkie Talkie Intercomunicador 37 Km | E36: Unidad de KIT | F36: 35 | H36: 2 | I36: 1 | J36: 1 | K36: 1 | L36: 1 | M36: 1 | N36: 1 | O36: 1 | P36: 1 | Q36: 1 | R36: 1 | S36: 1 | T36: 1 | U36: 1 | V36: 1 | W36: 1 | X36: 1 | Y36: 1 | Z36: 1 | AA36: 1 | AB36: 1 | AC36: 1 | AD36: 1 | AE36: 1 | AF36: 1 | AG36: 1 | AH36: 1 | AI36: 1 | AJ36: 1 | AK36: 1 | AL36: 1 | AM36: 1 | AN36: 1 | AO36: 1
C37: 32 | D37: Cinta señalización "Peligro no pase" | E37: Rollo x 500 m | F37: 34 | H37: 1 | I37: 1 | J37: 1 | K37: 1 | L37: 1 | M37: 1 | N37: 1 | O37: 1 | P37: 1 | Q37: 1 | R37: 1 | S37: 1 | T37: 1 | U37: 1 | V37: 1 | W37: 1 | X37: 1 | Y37: 1 | Z37: 1 | AA37: 1 | AB37: 1 | AC37: 1 | AD37: 1 | AE37: 1 | AF37: 1 | AG37: 1 | AH37: 1 | AI37: 1 | AJ37: 1 | AK37: 1 | AL37: 1 | AM37: 1 | AN37: 1 | AO37: 1
B38: Botiquín tipo canguro | C38: 33 a 47 | D38: Elementos dotación Botiquín tipo canguro. Paquete en bolsa plástica cerrada dotado con los elementos y cantidades descritos en el numeral 6 de la FCT. (Nota 1) | E38: Paquete por Regional | F38: 1098 | H38: 0 | I38: 63 | J38: 24 | K38: 36 | L38: 63 | M38: 39 | N38: 51 | O38: 33 | P38: 27 | Q38: 24 | R38: 36 | S38: 30 | T38: 30 | U38: 39 | V38: 54 | W38: 30 | X38: 30 | Y38: 39 | Z38: 30 | AA38: 39 | AB38: 33 | AC38: 27 | AD38: 24 | AE38: 30 | AF38: 18 | AG38: 45 | AH38: 27 | AI38: 45 | AJ38: 57 | AK38: 15 | AL38: 15 | AM38: 15 | AN38: 15 | AO38: 15
B39: Botiquín de pared | C39: 48 a 64 | D39: Botiquín de pared. Paquete en bolsa plástica cerrada dotado con los elementos y cantidades descritos en el numeral 6 de la FCT. (Nota 1) | E39: Paquete por Regional | F39: 279 | H39: 0 | I39: 20 | J39: 4 | K39: 11 | L39: 20 | M39: 12 | N39: 16 | O39: 10 | P39: 5 | Q39: 4 | R39: 11 | S39: 6 | T39: 6 | U39: 12 | V39: 17 | W39: 6 | X39: 6 | Y39: 12 | Z39: 6 | AA39: 12 | AB39: 10 | AC39: 5 | AD39: 4 | AE39: 6 | AF39: 2 | AG39: 14 | AH39: 5 | AI39: 14 | AJ39: 18 | AK39: 1 | AL39: 1 | AM39: 1 | AN39: 1 | AO39: 1
B40: Señales de emergencia y seguridad | C40: 65 | D40: Salida de Emergencia (lado derecho) | E40: Unidad | F40: 538 | H40: 0 | I40: 36 | J40: 10 | K40: 18 | L40: 36 | M40: 20 | N40: 28 | O40: 16 | P40: 12 | Q40: 10 | R40: 16 | S40: 14 | T40: 14 | U40: 20 | V40: 30 | W40: 14 | X40: 14 | Y40: 20 | Z40: 14 | AA40: 24 | AB40: 16 | AC40: 12 | AD40: 10 | AE40: 14 | AF40: 6 | AG40: 24 | AH40: 12 | AI40: 24 | AJ40: 32 | AK40: 6 | AL40: 4 | AM40: 4 | AN40: 4 | AO40: 4
C41: 66 | D41: Salida de Emergencia (lado izquierdo) | E41: Unidad | F41: 538 | H41: 0 | I41: 36 | J41: 10 | K41: 18 | L41: 36 | M41: 20 | N41: 28 | O41: 16 | P41: 12 | Q41: 10 | R41: 16 | S41: 14 | T41: 14 | U41: 20 | V41: 30 | W41: 14 | X41: 14 | Y41: 20 | Z41: 14 | AA41: 24 | AB41: 16 | AC41: 12 | AD41: 10 | AE41: 14 | AF41: 6 | AG41: 24 | AH41: 12 | AI41: 24 | AJ41: 32 | AK41: 6 | AL41: 4 | AM41: 4 | AN41: 4 | AO41: 4
C42: 67 | D42: Ruta de Evacuación (lado derecho) | E42: Unidad | F42: 538 | H42: 0 | I42: 36 | J42: 10 | K42: 18 | L42: 36 | M42: 20 | N42: 28 | O42: 16 | P42: 12 | Q42: 10 | R42: 16 | S42: 14 | T42: 14 | U42: 20 | V42: 30 | W42: 14 | X42: 14 | Y42: 20 | Z42: 14 | AA42: 24 | AB42: 16 | AC42: 12 | AD42: 10 | AE42: 14 | AF42: 6 | AG42: 24 | AH42: 12 | AI42: 24 | AJ42: 32 | AK42: 6 | AL42: 4 | AM42: 4 | AN42: 4 | AO42: 4
C43: 68 | D43: Ruta de Evacuación (lado izquierdo) | E43: Unidad | F43: 538 | H43: 0 | I43: 36 | J43: 10 | K43: 18 | L43: 36 | M43: 20 | N43: 28 | O43: 16 | P43: 12 | Q43: 10 | R43: 16 | S43: 14 | T43: 14 | U43: 20 | V43: 30 | W43: 14 | X43: 14 | Y43: 20 | Z43: 14 | AA43: 24 | AB43: 16 | AC43: 12 | AD43: 10 | AE43: 14 | AF43: 6 | AG43: 24 | AH43: 12 | AI43: 24 | AJ43: 32 | AK43: 6 | AL43: 4 | AM43: 4 | AN43: 4 | AO43: 4
C44: 69 | D44: Señal de Botiquín | E44: Unidad | F44: 279 | H44: 1 | I44: 20 | J44: 4 | K44: 11 | L44: 20 | M44: 12 | N44: 16 | O44: 7 | P44: 5 | Q44: 4 | R44: 10 | S44: 6 | T44: 6 | U44: 12 | V44: 17 | W44: 9 | X44: 6 | Y44: 12 | Z44: 6 | AA44: 12 | AB44: 10 | AC44: 5 | AD44: 4 | AE44: 6 | AF44: 2 | AG44: 14 | AH44: 5 | AI44: 14 | AJ44: 18 | AK44: 1 | AL44: 1 | AM44: 1 | AN44: 1 | AO44: 1
C45: Nota 1: El contenido de los botiquines se detalla en la FCT y en el presente anexo en la hoja "Contenido Botiquines"

Sheet CONTENIDO BOTIQUINES
B2: ANEXO N° 2 (Hoja 3 de 3) – LUGARES DE ENTREGA Y CANTIDADES
B4: Elementos dotación Botiquín tipo canguro. Se requieren 1.098 Paquetes en bolsa plástica cerrada dotados con los elementos y cantidades descritos a continuación: | H4: Dotación Botiquines de pared. Se requieren 279 Paquetes en bolsa plástica cerrada dotados con los elementos y cantidades descritos a continuación:
B5: Ítem | C5: Elemento | D5: Unidad o presentación | E5: Cantidad de paquetes nivel Nacional | F5: Cantidad de elementos por cada paquete | H5: Ítem | I5: Elemento | J5: Unidad o presentación | K5: Cantidad de paquetes nivel Nacional | L5: Cantidad de elementos por cada paquete
B6: 33 | C6: Aplicadores de madera con algodón | D6: Bolsa x 10 | E6: 1098 | F6: 1 | H6: 48 | I6: Gasa aséptica | J6: Caja 5 x 1/2 yardas | K6: 279 | L6: 1
B7: 34 | C7: Venditas Standard translúcidas | D7: Caja x 10 | E7: 1098 | F7: 1 | H7: 49 | I7: Esparadrapo de tela | J7: Rollo 5 x 2,5 cm | K7: 279 | L7: 2
B8: 35 | C8: Micropore | D8: Rollo de 2 pulgadas x 5 yardas | E8: 1098 | F8: 1 | H8: 50 | I8: Baja lenguas | J8: paquete x 20 | K8: 279 | L8: 2
B9: 36 | C9: Gasa | D9: Rollo 1/2 X 1 yarda | E9: 1098 | F9: 2 | H9: 51 | I9: Venda elástica | J9: Rollo 2 x 5 yardas | K9: 279 | L9: 2
B10: 37 | C10: Guantes quirúrgicos | D10: Sobre x par | E10: 1098 | F10: 2 | H10: 52 | I10: Venda elástica | J10: Rollo 3 x 5 yardas | K10: 279 | L10: 1
B11: 38 | C11: Yodopovidona espuma | D11: Unidad | E11: 1098 | F11: 1 | H11: 53 | I11: Venda elástica | J11: Rollo 5 x 5 yardas | K11: 279 | L11: 1
B12: 39 | C12: Tapa bocas | D12: Unidad | E12: 1098 | F12: 4 | H12: 54 | I12: Venda de algodón | J12: Rollo 3 x 5 yardas | K12: 279 | L12: 1
B13: 40 | C13: Baja lenguas de madera adulto | D13: Paquete x 10 | E13: 1098 | F13: 1 | H13: 55 | I13: Venda de algodón | J13: Rollo 5 x 5 yardas | K13: 279 | L13: 1
B14: 41 | C14: Venda elástica | D14: Rollo 3 x 5 yardas | E14: 1098 | F14: 1 | H14: 56 | I14: Yodopovidona (jabón quirúrgico) | J14: frasco x 120 ml | K14: 279 | L14: 1
B15: 42 | C15: Venda triangular de tela (cabestrillo) | D15: Unidad | E15: 1098 | F15: 1 | H15: 57 | I15: Solución salina | J15: Envase 500 ml | K15: 279 | L15: 2
B16: 43 | C16: Sales de rehidratación oral | D16: Unidad | E16: 1098 | F16: 4 | H16: 58 | I16: elemento de barrera ó máscara para RCP | J16: Unidad | K16: 279 | L16: 1
B17: 44 | C17: Parche ocular | D17: Unidad | E17: 1098 | F17: 2 | H17: 59 | I17: Aplicadores | J17: Bolsa x 10 | K17: 279 | L17: 2
... B20: 47 | C20: Venditas | D20: Caja x 10 | E20: 1098 | F20: 1 | H20: 62 | I20: Bolsa residuos verde | J20: Bolsa x 6 unidades | K20: 279 | L20: 1
H21: 63 | I21: Bolsa residuos roja | J21: Bolsa x 6 unidades | K21: 279 | L21: 1
H22: 64 | I22: Venda triangular de tela (cabestrillo) | J22: Unidad | K22: 279 | L22: 1

Sheet SDC - DOTACIÓN INDUSTRIAL
B9: SOLICITUD DE COTIZACIÓN
B11: EMPRESA: | F11: TELÉFONO:
B12: CONTACTO: | F12: E-MAIL:
B13: CARGO: | F13: FECHA:
B15: Instrucciones para el diligenciamiento del formato de cotización
B16: • Por favor diligenciar solo las celdas en AMARILLO. Se deben llenar todas las casillas. • Revisar todos los requerimientos que se exponen en el documento "Ficha de Condiciones Técnicas" y Anexos; y formular su cotización en concordancia con este. • Asignar precio sin incluir el IVA en las celdas de la columna "G" y Asignar la tarifa de IVA que corresponda en las celdas de la columna "H" • El valor de la cotización deber ser expresado en PESOS COLOMBIANOS. • Los valores unitarios deberán aproximarse por exceso o por defecto al entero más cercano. Si la cifra no está aproximada y aparece con centavos, el ICBF aproximará al entero inferior. • No modificar, agregar o quitar ningún ítem o sub-ítem.
B17: Notas: (1) EL CONTRATISTA DEBERÁ ESTAR EN CAPACIDAD DE ENTREGAR TODOS LOS ELEMENTOS EN CADA UNA DE LAS REGIONALES. SE REALIZARÁ UNA SOLA CONTRATACIÓN A NIVEL NACIONAL, POR LO CUAL NO SE ACEPTARÁN COTIZACIONES PARCIALES. (2) El valor unitario de cada elemento se debe cotizar incluida la distribución de acuerdo con el Anexo No. 2 "Lugares de entrega y cantidades" en la hoja "Cantidades" (3) El contenido de los botiquines se detalla en la FCT y en el Anexo No. 2 hoja "Contenido Botiquines"
G19: PRECIOS UNITARIOS INCLUIDA DISTRIBUCIÓN (Notas 1 y 2)
B20: Categoría elementos | C20: Ítem | D20: Elemento | E20: Unidad o presentación | F20: Cantidad total nivel Nacional | G20: Vlr Unitario | H20: Tarifa IVA % | I20: Valor unitario incluido IVA | J20: Valor Total IVA Incluido
B21: Elementos dotación de vestuario de labor tipo industrial, elementos de protección personal y camillas de inmovilización | C21: 1 | D21: Tabla de inmovilización espinal, con arnés de sujeción e inmovilizador reusable lateral de cabeza | E21: Unidad | F21: 63 | I21: =+G21*(1+H21) -> 0 | J21: =+I21*F21 -> 0
C22: 2 | D22: Tapabocas desechables con elástico | E22: Caja x 50 unidades | F22: 1142 | I22: =+G22*(1+H22) -> 0 | J22: =+I22*F22 -> 0
C23: 3 | D23: Guantes desechables de nitrilo | E23: Caja x 100 unidades | F23: 571 | I23: =+G23*(1+H23) -> 0 | J23: =+I23*F23 -> 0
C24: 4 | D24: Guantes desechables de nitrilo | E24: Caja x 100 unidades | F24: 571 | I24: =+G24*(1+H24) -> 0 | J24: =+I24*F24 -> 0
C25: 5 | D25: Pantalón para hombre en jean | E25: Unidad | F25: 10 | I25: =+G25*(1+H25) -> 0 | J25: =+I25*F25 -> 0
C26: 6 | D26: Camiseta para hombre | E26: Unidad | F26: 10 | I26: =+G26*(1+H26) -> 0 | J26: =+I26*F26 -> 0
C27: 7 | D27: Botas de trabajo para hombre de amarrar | E27: Par | F27: 8 | I27: =+G27*(1+H27) -> 0 | J27: =+I27*F27 -> 0
C28: 8 | D28: Botas de trabajo para hombre de amarrar dieléctricas. | E28: Par | F28: 2 | I28: =+G28*(1+H28) -> 0 | J28: =+I28*F28 -> 0
C29: 9 | D29: Pad mouse ergonómico redondo con apoya muñecas en gel diseño institucional | E29: Unidad | F29: 1878 | I29: =+G29*(1+H29) -> 0 | J29: =+I29*F29 -> 0
C30: 10 | D30: Chaleco salvavidas | E30: Unidad | F30: 28 | I30: =+G30*(1+H30) -> 0 | J30: =+I30*F30 -> 0
B31: Elementos para consultorio - Medicina del Trabajo Sede de la Dirección General | C31: 11 | D31: Jabón quirúrgico y/o antibacterial | E31: Frasco 120 ml | F31: 10 | I31: =+G31*(1+H31) -> 0 | J31: =+I31*F31 -> 0
C32: 12 | D32: Toallas desechables para secar manos | E32: Caja x 150 Unidades | F32: 20 | I32: =+G32*(1+H32) -> 0 | J32: =+I32*F32 -> 0
C33: 13 | D33: Sabanas desechables | E33: Bolsa x 6 Unidades | F33: 50 | I33: =+G33*(1+H33) -> 0 | J33: =+I33*F33 -> 0
C34: 14 | D34: Bata desechable tipo paciente. Tela no tejida no estéril, Bolsa por 10 unidades | E34: Bolsa x 10 Unidades | F34: 50 | I34: =+G34*(1+H34) -> 0 | J34: =+I34*F34 -> 0
C35: 15 | D35: Baja lenguas adulto | E35: Bolsa x 10 Unidades | F35: 50 | I35: =+G35*(1+H35) -> 0 | J35: =+I35*F35 -> 0
C36: 16 | D36: Micropore | E36: Rollo de 2 pulgadas x 5 yardas | F36: 10 | I36: =+G36*(1+H36) -> 0 | J36: =+I36*F36 -> 0
C37: 17 | D37: Gasas estériles | E37: Caja x 50 unidades | F37: 50 | I37: =+G37*(1+H37) -> 0 | J37: =+I37*F37 -> 0
C38: 18 | D38: Aplicadores largos con algodón | E38: Bolsa x 100 Unidades | F38: 5 | I38: =+G38*(1+H38) -> 0 | J38: =+I38*F38 -> 0
C39: 19 | D39: Pilas recargables AA con cargador | E39: Par de pilas y cargador | F39: 1 | I39: =+G39*(1+H39) -> 0 | J39: =+I39*F39 -> 0
C40: 20 | D40: Venditas | E40: Caja x 10 Unidades | F40: 50 | I40: =+G40*(1+H40) -> 0 | J40: =+I40*F40 -> 0
C41: 21 | D41: Gasas con alcohol | E41: Caja x 100 Unidades | F41: 10 | I41: =+G41*(1+H41) -> 0 | J41: =+I41*F41 -> 0
C42: 22 | D42: Gel antibacterial | E42: Envase por 500 ml | F42: 4 | I42: =+G42*(1+H42) -> 0 | J42: =+I42*F42 -> 0
C43: 23 | D43: Jeringas desechables | E43: Unidad | F43: 30 | I43: =+G43*(1+H43) -> 0 | J43: =+I43*F43 -> 0
... C48: 28 | D48: cabestrillo con inmovilizador de hombro | E48: Unidad | F48: 2 | I48: =+G48*(1+H48) -> 0 | J48: =+I48*F48 -> 0
B49: Dotación Brigadas de emergencia | C49: 29 | D49: Megáfono | E49: Unidad | F49: 237 | I49: =+G49*(1+H49) -> 0 | J49: =+I49*F49 -> 0
C50: 30 | D50: Paletas "Pare Siga" | E50: Unidad | F50: 237 | I50: =+G50*(1+H50) -> 0 | J50: =+I50*F50 -> 0
C51: 31 | D51: Kit de Radio Walkie Talkie Intercomunicador 37 Km | E51: Unidad de KIT | F51: 35 | I51: =+G51*(1+H51) -> 0 | J51: =+I51*F51 -> 0
C52: 32 | D52: Cinta señalización "Peligro no pase" | E52: Rollo x 500 m | F52: 34 | I52: =+G52*(1+H52) -> 0 | J52: =+I52*F52 -> 0
B53: Botiquín tipo canguro | C53: 33 a 47 | D53: Elementos dotación Botiquín tipo canguro. Paquete en bolsa plástica cerrada dotado con los elementos y cantidades descritos en el numeral 6 de la FCT. (Nota 3) | E53: Paquete por Regional | F53: 1098 | I53: =+G53*(1+H53) -> 0 | J53: =+I53*F53 -> 0
B54: Botiquín de pared | C54: 48 a 64 | D54: Botiquín de pared. Paquete en bolsa plástica cerrada dotado con los elementos y cantidades descritos en el numeral 6 de la FCT. (Nota 3) | E54: Paquete por Regional | F54: 279 | I54: =+G54*(1+H54) -> 0 | J54: =+I54*F54 -> 0
B55: Señales de emergencia y seguridad | C55: 65 | D55: Salida de Emergencia (lado derecho) | E55: Unidad | F55: 538 | I55: =+G55*(1+H55) -> 0 | J55: =+I55*F55 -> 0
C56: 66 | D56: Salida de Emergencia (lado izquierdo) | E56: Unidad | F56: 538 | I56: =+G56*(1+H56) -> 0 | J56: =+I56*F56 -> 0
C57: 67 | D57: Ruta de Evacuación (lado derecho) | E57: Unidad | F57: 538 | I57: =+G57*(1+H57) -> 0 | J57: =+I57*F57 -> 0
C58: 68 | D58: Ruta de Evacuación (lado izquierdo) | E58: Unidad | F58: 538 | I58: =+G58*(1+H58) -> 0 | J58: =+I58*F58 -> 0
C59: 69 | D59: Señal de Botiquín | E59: Unidad | F59: 279 | I59: =+G59*(1+H59) -> 0 | J59: =+I59*F59 -> 0
B60: TOTAL DE ELEMENTOS INCLUIDA DISTRIBUCIÓN | J60: =SUM(J21:J59) -> 0
B62: La presente cotización:
B63: • Incluye todos los costos y gastos directos e indirectos en que debe incurrir el contratista durante la ejecución del contrato de acuerdo con las especificaciones de la Ficha de Condiciones Técnicas, las obligaciones tributarias de acuerdo con las normas aplicables para el tipo de servicio y contrato correspondiente, y los costos de las pólizas. • Se remite como parte del estudio de mercado, previo a la contratación, y no implica ninguna obligación de contratar. • Tiene una vigencia de 90 días a partir de la fecha de diligenciamiento.
B64: Inscripción en el Registro Único de Proponentes: Las personas naturales y jurídicas, nacionales o extranjeras, con domicilio en Colombia, interesadas en participar en procesos de contratación convocados por las entidades estatales, deben estar inscritas en el RUP, salvo las excepciones previstas de forma taxativa en la ley (Artículo 8 del Decreto 1510 de 2013). Se aclara que esta inscripción no se requiere para remitir cotización durante el estudio de mercado.

Sheet POLIZAS
B9: CONCEPTOS A TENER EN CUENTA PARA REALIZAR LA COTIZACIÓN DE DOTACIÓN INDUSTRIAL
B12: El presente cuadro es de carácter informativo, no se debe diligenciar. Sin embargo se entiende que la cotización incluye la totalidad de los conceptos relacionados a continuación.
B14: POLIZAS PARA LEGALIZACIÓN DEL CONTRATO
B16: CONCEPTO | D16: COBERTURA | E16: PLAZO (En Meses)
B17: Garantía de Seriedad de la oferta | D17: 0.1 | E17: Plazo de Ejecución
B18: Cumplimiento | D18: 0.2 | E18: Plazo de ejecución + 4 meses mas
B19: Salarios, Prestaciones | D19: 0.1 | E19: Plazo de ejecución + 36 meses mas
B20: Calidad de los Servicios | D20: 0.2 | E20: Plazo de ejecución + 4 meses mas
B21: Responsabilidad civil extracontraactual | D21: 0.1 | E21: Plazo de Ejecución
B22: Cobertura: Corresponde al porcentaje del valor total del contrato a amparar.

Sheet INFO GENERAL Y FINANCIERA
B8: Formato Información General Y Financiera De Proveedores
B10: Ciudad | M10: Fecha Dd/mm/aa | AD10: Persona Natural
AD11: Persona Jurídica
B12: 1. Información General
B13: 1.1. Identificación.
B14: Personas naturales | F14: Nombre Comercial | U14: Nombres y Apellidos | AK14: Cédula
B16: Personas jurídicas | F16: Razón Social | U16: NIT | AK16: DV
B18: Dirección | U18: Teléfono | AD18: Fax | AK18: Ciudad
B20: Pagina Web | U20: Años de Constitución | AD20: Sector al que pertenece
B22: 1.2. Personas De Contacto
B23: Gerente General | K23: E-mail | U23: Teléfono | AD23: Ext. | AK23: Celular
B25: Director Comercial | K25: E-mail | U25: Teléfono | AD25: Ext. | AK25: Celular
B27: Asesor Comercial | K27: E-mail | U27: Teléfono | AD27: Ext. | AK27: Celular
B29: 1.3. Productos Y Servicios Inscritos En El Rup De Acuerdo Con El Unspsc
B30: Incluir Listado Con Breve Descripción De Los Productos Y/o Servicios Que Ofrece La Compañía, Registrados En El Rup (agregue Las Filas Necesarias) | AK30: Código de Naciones Unidas
B36: 1.4. Códigos CIIU | AK36: 1.5. Número De Empleados
B37: Código De Actividad | F37: Descripción Actividad Económica CIIU | AD37: Tarifa ICA
B41: 2. Información Financiera - A Diciembre 31 De 2012
B42: Nombre Del Indicador | M42: Cuenta | U42: Valores En Pesos | AD42: Indicador
B43: Capacidad Financiera | F43: índice De Liquidez | M43: Activo Corriente --> | AD43: =+IFERROR(U43/U44,0) -> 0 | AK43: Veces
M44: Pasivo Corriente -->
F45: Índice De Endeudamiento | M45: Pasivo Total--> | AD45: =+IFERROR(U45/U46,0) -> 0 | AK45: Porcentaje
M46: Activo Total-->
F47: Razón De Cobertura De Intereses | M47: Utilidad Operacional--> | AD47: =+IFERROR(U47/U48,0) -> 0 | AK47: Veces
M48: Gastos De Interés-->
B49: Capacidad Organizacional | F49: Rentabilidad Del Patrimonio | M49: Utilidad Operacional--> | AD49: =+IFERROR(U49/U50,0) -> 0 | AK49: Porcentaje
M50: Patrimonio-->
F51: Rentabilidad Del Activo | M51: Utilidad Operacional--> | AD51: =+IFERROR(U51/U52,0) -> 0 | AK51: Porcentaje
M52: Activo Total-->
B53: Nota: Para las empresas inspeccionadas, vigiladas o controladas por la Supersociedades, la información consignada en este numeral será validada con la reportada a la Supersociedades y disponible para consulta en Internet mediante el Sistema de Información y Riesgo Empresarial de la Supersociedades (SIREM). Si se evidencian diferencias en los valores consignados en este formato y los reportados a la Supersociedades se tomará como referencia la información del SIREM.
B54: Otra información relevante de la empresa (consigne en este espacio otra información que considere de interés)

Sheet INFO EXPERIENCIA
B8: EXPERIENCIA EN CONTRATACION EN LOS ULTIMOS 5 AÑOS
B9: EXPERIENCIA EN CONTRATACIÓN EN LOS ÚLTIMOS 5 AÑOS
B11: Con el fin de conocer la experiencia con la que cuentan las empresas del sector relacionada con el objeto del presente estudio de mercado, agradecemos diligenciar el cuadro que sigue:
B13: EXPERIENCIA- DOTACIÓN INDUSTRIAL
B15: EMPRESA: | C15: =+'SDC - DOTACIÓN INDUSTRIAL'!D11 -> 0 | F15: CONTACTO: | G15: =+'SDC - DOTACIÓN INDUSTRIAL'!D12 -> 0 | I15: FECHA: | J15: =+'SDC - DOTACIÓN INDUSTRIAL'!G13 -> 0
B16: CARGO: | C16: =+'SDC - DOTACIÓN INDUSTRIAL'!D13 -> 0 | F16: E-MAIL: | G16: =+'SDC - DOTACIÓN INDUSTRIAL'!G12 -> 0 | I16: TELÉFONO | J16: =+'SDC - DOTACIÓN INDUSTRIAL'!G11 -> 0
B18: Tipo de entidad | C18: Entidad o Empresa | D18: Numero del contrato | E18: Objeto del contrato | F18: Fecha de suscripción (dd/mmm/aa) | G18: Plazo de ejecución (en años) | H18: Forma de participación (UT, consorcio, individual) | I18: % de participación | J18: Valor total ejecutado del contrato
B28: Nota: Agregar las filas necesarias para reportar la experiencia
